Map: Ever Dream LE

Players

SortOf - Winner!

  • Race: Zerg Zerg
  • League: Grandmaster
  • Spawn Location: 7:00

IIIIIlIIlIII

  • Race: Terran Terran
  • League: Master
  • Spawn Location: 1:00

VOD

https://www.youtube.com/watch?v=RNT6kEh8WZI

Description

2-Base Muta in ZvT

Time

  • Played on: Sept. 2, 2020, 1:45 p.m.
  • Length: 10:28
Show
View Real Time Build Order
Export as new Build Order

SortOf Zerg - Winner!

Build Orders: Hatch First, Muta Ling Bane 

Get SALT Encoding   

  12  0:00  Drone  
  13  0:13  Overlord  
  13  0:16  Drone  
  14  0:31  Drone x2  
  16  0:47  Hatchery  
  15  0:50  Drone  
  15  0:54  Drone  
  17  0:57  Drone  
  18  1:09  Extractor  
  17  1:13  Spawning Pool  
  17  1:15  Drone  
  17  1:20  Drone  
  18  1:28  Drone  
  19  1:41  Drone  
  20  1:50  Drone  
  21  1:59  Queen x2  
  25  2:01  Overlord  
  25  2:02  Zergling x2  
  26  2:10  Zergling x2  
  26  2:15  Metabolic Boost  
  27  2:20  Drone  
  27  2:22  Drone  
  29  2:30  Drone  
  29  2:33  Drone x2  
  29  2:35  Queen  
  34  2:38  Queen  
  36  2:44  Overlord  
  36  2:49  Overlord  
  36  3:03  Drone  
  36  3:04  Drone x2  
  39  3:09  Drone  
  39  3:10  Drone x5  
  45  3:13  Drone  
  45  3:17  Lair  
  45  3:19  Drone  
  47  3:33  Hatchery  
  46  3:38  Drone x4  
  50  3:41  Extractor x2  
  50  3:43  Drone x2  
  50  3:48  Overlord  
  50  3:49  Drone  
  50  3:53  Drone  
  52  3:58  Baneling Nest  
  52  4:01  Drone  
  52  4:06  Overlord  
  52  4:08  Zergling x6  
  54  4:15  Queen  
  56  4:19  Spire  
  56  4:20  Drone x2, Extractor  
  56  4:21  Drone  
  57  4:30  Drone x4  
  57  4:31  Drone  
  54  4:33  Drone  
  54  4:41  Overlord  
  54  4:44  Drone  
  55  4:48  Overlord  
  55  4:49  Drone x3  
  55  4:52  Overseer  
  58  4:56  Drone x2  
  60  5:02  Drone  
  60  5:06  Centrifical Hooks  
  61  5:10  Drone x4  
  61  5:13  Drone  
  66  5:15  Overlord  
  66  5:28  Drone  
  67  5:32  Mutalisk x5  
  77  5:39  Drone x6  
  83  5:43  Mutalisk  
  83  5:49  Mutalisk  
  86  5:50  Overlord  
  86  5:53  Zergling x2, Extractor  
  86  5:55  Extractor  
  86  5:56  Zergling x8  
  89  6:00  Zerg Flyer Weapons Level 1  
  89  6:03  Overlord  
  89  6:05  Evolution Chamber  
  89  6:06  Evolution Chamber, Baneling x3  
  89  6:11  Drone x5  
  92  6:13  Drone x2  
  94  6:20  Pneumatized Carapace  
  94  6:22  Overseer  
  94  6:23  Drone x4  
  98  6:30  Mutalisk  
  100  6:33  Zergling x10  
  100  6:38  Overlord x2  
  105  6:41  Zerg Melee Weapons Level 1  
  105  6:43  Zerg Ground Armor Level 1  
  105  6:48  Overlord  
  105  6:57  Mutalisk x2  
  109  7:02  Hatchery  
  109  7:07  Mutalisk x2  
  112  7:09  Overlord  
  112  7:11  Zergling x12, Overlord  
  118  7:19  Mutalisk x2  
  122  7:23  Drone x2  
  122  7:24  Drone  
  122  7:26  Overlord x3  
  125  7:37  Baneling x5  
  125  7:38  Baneling  
  125  7:40  Mutalisk  
  125  7:41  Mutalisk  
  129  7:44  Zergling x10  
  129  7:48  Drone  
  129  7:49  Drone, Extractor  
  129  7:50  Drone x2, Extractor  
  136  7:56  Zergling x14  
  136  7:57  Zergling x2  
  144  7:59  Baneling x9  
  144  8:00  Baneling  
  143  8:13  Mutalisk x2  
  143  8:14  Mutalisk  
  149  8:20  Hatchery  
  149  8:21  Zergling x14  
  155  8:31  Drone x2  
  155  8:32  Drone  
  155  8:33  Drone x3  
  161  8:37  Overlord  
  161  8:43  Drone x7  
  161  8:46  Baneling x10  
  168  8:51  Overlord  
  168  8:55  Zergling x12  
  174  9:06  Zergling x16  
  182  9:12  Baneling x17  
  178  9:22  Zergling x18  
  178  9:23  Zergling x2  
  182  9:29  Mutalisk x2  
  186  9:34  Zergling x10  
  186  9:37  Baneling x7  
  188  9:47  Zergling x14  
  178  9:56  Baneling  
  178  9:57  Baneling x18  
  178  9:59  Zergling x10  
  180  10:04  Zergling x4  
  180  10:06  Zergling x4  
  180  10:07  Zergling x10  
  188  10:08  Baneling x4  
Show
View Real Time Build Order
Export as new Build Order

IIIIIlIIlIII Terran 

Build Orders: Reaper Expand 

Get SALT Encoding   

  12  0:00  SCV  
  13  0:12  SCV  
  14  0:17  Supply Depot  
  14  0:24  SCV  
  15  0:38  SCV  
  15  0:39  Barracks  
  16  0:44  Refinery  
  16  0:50  SCV  
  17  1:02  SCV  
  18  1:14  SCV  
  19  1:27  Reaper, Orbital Command  
  20  1:39  Command Center  
  20  1:49  Supply Depot  
  20  1:52  SCV  
  21  1:58  Marine  
  22  2:04  SCV  
  23  2:12  Factory  
  23  2:16  SCV  
  23  2:21  Barracks Reactor  
  24  2:28  SCV  
  25  2:40  SCV, Command Center  
  26  2:51  Orbital Command  
  26  2:52  SCV  
  27  3:03  Starport  
  27  3:05  SCV  
  28  3:07  Hellion  
  28  3:10  Hellion  
  32  3:15  Marine  
  32  3:17  SCV x2  
  35  3:29  SCV x2  
  35  3:31  Hellion x2  
  40  3:39  Refinery  
  40  3:41  Viking, SCV  
  43  3:42  Barracks Tech Lab  
  43  3:43  SCV  
  44  3:49  Supply Depot  
  44  3:52  Orbital Command  
  44  3:54  SCV  
  45  3:56  SCV  
  45  4:01  Hellion x2  
  45  4:02  Marine  
  51  4:07  SCV  
  52  4:10  Stimpack  
  52  4:12  SCV  
  52  4:13  Supply Depot  
  53  4:19  SCV x2  
  53  4:20  Marine  
  53  4:24  SCV  
  57  4:31  SCV x2  
  56  4:36  SCV  
  52  4:41  Viking  
  52  4:43  SCV x2, Barracks  
  52  4:45  Factory Reactor  
  56  4:46  Barracks  
  56  4:47  Marine  
  56  4:48  Refinery  
  56  4:49  SCV  
  58  4:54  Engineering Bay  
  58  4:55  Engineering Bay  
  58  4:57  SCV, Refinery  
  58  4:59  SCV  
  60  5:04  SCV  
  61  5:09  SCV  
  61  5:10  Supply Depot  
  61  5:11  Starport Reactor  
  61  5:12  Supply Depot, Marine  
  63  5:16  SCV  
  63  5:21  SCV, Terran Infantry Weapons Level 1, Terran Infantry Armor Level 1  
  64  5:23  Missile Turret  
  64  5:27  Missile Turret  
  65  5:30  Missile Turret, Marine  
  65  5:32  Missile Turret, Marine  
  65  5:33  Marine  
  65  5:34  Orbital Command  
  68  5:39  Factory Tech Lab  
  68  5:40  Missile Turret  
  68  5:41  Marine  
  69  5:43  Marine  
  69  5:46  SCV x2  
  69  5:47  Marine  
  73  5:50  Medivac, Marine  
  73  5:51  Marine  
  73  5:53  Medivac  
  73  5:54  Combat Shield  
  79  5:59  Supply Depot, Marine  
  79  6:01  SCV  
  79  6:03  SCV x2  
  83  6:08  Supply Depot, Marine  
  83  6:09  Supply Depot  
  83  6:10  Marine  
  85  6:11  Marine  
  85  6:14  SCV  
  85  6:15  SCV, Marine  
  89  6:22  Barracks  
  89  6:24  Barracks  
  89  6:25  Marine  
  90  6:26  SCV, Supply Depot, Marine  
  90  6:28  Medivac  
  90  6:31  Medivac  
  90  6:32  Marine  
  97  6:34  Marine  
  97  6:37  SCV x2  
  97  6:39  Marine  
  101  6:40  Supply Depot  
  101  6:42  Supply Depot  
  101  6:43  Supply Depot, Marine  
  101  6:44  Marine  
  106  6:47  Siege Tank  
  106  6:50  Armory  
  106  6:52  Marine  
  107  7:04  Barracks  
  107  7:05  Barracks  
  107  7:06  Marine x3  
  107  7:07  Barracks  
  110  7:10  Medivac, Missile Turret  
  110  7:11  Sensor Tower  
  110  7:14  Medivac, Missile Turret, Marine x2  
  116  7:15  Barracks Reactor  
  116  7:16  Barracks Reactor  
  116  7:24  Marine x3  
  116  7:27  Siege Tank  
  122  7:32  Marine x2  
  124  7:37  Terran Infantry Weapons Level 2  
  124  7:41  Marine  
  124  7:42  Marine x2  
  127  7:45  Terran Infantry Armor Level 2  
  127  7:50  Marine x2  
  129  7:51  Marine  
  129  7:54  Marine  
  129  7:55  Supply Depot x4, Marine x4  
  135  7:59  Marine x3  
  135  8:02  Marine  
  138  8:07  Marine  
  138  8:08  Marine  
  138  8:09  Marine  
  138  8:11  Siege Tank  
  138  8:12  Marine x3  
  144  8:13  Marine x2  
  144  8:17  Marine x3  
  144  8:18  Supply Depot  
  144  8:19  Marine  
  153  8:21  Liberator  
  153  8:25  Marine, Liberator  
  153  8:26  Marine  
  159  8:27  Marine  
  159  8:30  Marine x3  
  159  8:31  Marine x2  
  159  8:32  Supply Depot  
  165  8:35  Marine  
  165  8:37  Marine  
  165  8:38  Missile Turret x2, Marine x2  
  165  8:40  Missile Turret  
  169  8:43  Marine x2  
  169  8:45  Marine  
  169  8:48  Marine x4, Thor  
  173  8:49  Marine  
  173  8:53  Marine  
  173  8:55  Marine  
  184  8:57  Marine  
  184  9:02  Marine  
  187  9:03  Marine  
  187  9:04  Marine x2  
  187  9:05  Command Center  
  190  9:11  Marine  
  188  9:22  Marine x4  
  188  9:23  Marine  
  188  9:24  Marine x4  
  182  9:25  SCV x3  
  182  9:26  Marine  
  182  9:28  Marine  
  191  9:31  Siege Tank  
  191  9:34  Marine  
  195  9:44  Marine  
  195  9:46  Marine x2  
  195  9:47  Marine  
  195  9:48  Marine x2  
  195  9:50  Marine x2  
  195  9:51  Marine  
  195  9:52  Marine  
  197  9:56  Marine  
  197  9:57  Marine  
  197  9:59  SCV  
  197  10:10  Marine x3  
  197  10:11  SCV x2  
  197  10:12  Supply Depot  
Tags
 
Add a new tag
Caveats
  • Supply blocks, unpowered buildings, or Contaminate may cause inaccurate times.
  • Supply counts are checked every 10 seconds.